 Dungeon Crawl Stone Soup version 0.29.0-4-gdea44cf6ec (webtiles) character file.

Game seed: 18178159590981760221

7 qw the Sneak (level 2, -2/19 HPs)
             Began as a Gargoyle Delver on Sept 10, 2022.
             Killed from afar by an orc wizard (5 damage)
             ... with a magic dart
             ... on level 5 of the Dungeon.
             The game lasted 00:00:04 (114 turns).

qw the Sneak (Gargoyle Delver)                       Turns: 114, Time: 00:00:04

Health: -2/19      AC:  5    Str: 15    XL:     2   Next: 4%
Magic:  2/2        EV: 11    Int: 10    God:
Gold:   0          SH:  0    Dex: 11    Spells: 1/1 levels left

rFire   . . .      SeeInvis .   a - +0 hand axe
rCold   . . .      Faith    .   (no shield)
rNeg    + . .      Spirit   .   b - +0 leather armour
rPois   inf        Reflect  .   (no helmet)
rElec   +          Harm     .   (no cloak)
rCorr   .          Rampage  .   (no gloves)
Will    .....                   (no boots)
Stlth   +++.......              (no amulet)
HPRegen 0.06/turn               (no ring)
MPRegen 0.08/turn               (no ring)

@: no status effects
A: sickness immunity, AC +2, negative energy resistance 1, electricity
resistance, torment resistance 1, petrification resistance
a: no special abilities


You were on level 5 of the Dungeon.
You visited 1 branch of the dungeon, and saw 1 of its levels.


Innate Abilities, Weirdness & Mutations

You are immune to sickness and miasma.
Your stone body is resilient. (AC +2)
You are immune to poison.
You resist negative energy. (rN+)
You are resistant to electric shocks. (rElec)
You are resistant to unholy torment.
You are immune to petrification.


   Skills:
 - Level 3.2 Fighting
 + Level 2.4 Axes
 - Level 1.5 Dodging
 - Level 5.4 Stealth


You had one spell level left.
You didn't know any spells.
Your spell library was empty.

Inventory:

Hand Weapons
 a - a +0 hand axe (weapon)
 i - a +0 flail
Armour
 b - a +0 leather armour (worn)
Wands
 g - a wand of digging (3)
Scrolls
 c - a scroll of fog
 d - a scroll of magic mapping
 e - a scroll of fear
Potions
 f - a potion of haste
 h - a potion of berserk rage {unknown}

Dungeon Overview and Level Annotations

Branches:
Dungeon (5/15)
 Temple: D:4-7

Altars:

Annotations:
D:5 Pikel


Message History

An adder and an orc wizard come into view.
The orc wizard shouts!
The adder hisses angrily.
You hear a shout! x2
An orc comes into view. It is wielding a +0 trident.
The orc wizard mumbles some strange words.
The orc wizard flickers and vanishes!
Deactivating autopickup; reactivate with Ctrl-A.
A lemure comes into view.
You hear a shout!
An orc wizard comes into view. It is wielding a +0 dagger.
Pikel, Merchant of Souls comes into view.
He is wielding a +1 whip of flaming and wearing a +0 robe of resistance.
A lemure comes into view. x2
The lemure shouts! x2; The orc wizard shouts!
The orc shouts!
You hit the orc priest but do no damage.
You hit the adder. The adder barely misses you.
The orc priest mumbles some strange prayers to Beogh against you.
Beogh smites you!
Ouch! That really hurt!
You miss the adder.
The adder is heavily wounded.
You closely miss the orc priest. The adder misses you.
A scorpion comes into view.
The orc priest hits you with a +0 short sword.
The adder bites you but does no damage.
You miss the adder.
The adder is heavily wounded.
You closely miss something. You hit the orc priest. The adder bites you.
The orc priest looks satisfied for a moment.
Something hits you.
An orc priest comes into view. It is wielding a +0 dagger.
You completely miss the adder.
The adder is heavily wounded.
You hit the orc priest. You hit something. The adder barely misses you.
You hear some strange, mumbled words.
A magic dart appears from out of thin air!
The magic dart hits you.
You die...

#...##
#.......#
.#...#
#.....###
.#.... #.....#
.#.....
#....)#
.#......
#....)# .#
#.....# + .+
#.....#####...
.#
#.............
.#
+.....@S......
.#
#.....o{K.....
.#
#........o....
##
+........5....
#.......5..o..
#........55...
#........s....
...#####.....o


You could see Pikel, 4 lemures, a scorpion, 2 orc priests, an orc wizard, an
adder and an orc.

Vanquished Creatures
  3 orcs (D:5)
  A quokka (D:5)
4 creatures vanquished.

Notes
Turn   | Place    | Note
-------+----------+-------------------------------------------
     0 | D:5      | qw the Gargoyle Delver began the quest for the Orb.
     0 | D:5      | Reached XP level 1. HP: 14/14 MP: 1/1
     0 | D:5      | 0 ||| qw: Version: 0.1-a-116-g5d60599
     0 | D:5      | 0 ||| qw: Game counter: 9181
     0 | D:5      | 0 ||| qw: Always use a shield: true
     0 | D:5      | 0 ||| qw: God list: Okawaru
     0 | D:5      | 0 ||| qw: Allow faded altars: false
     0 | D:5      | 0 ||| qw: Do Orc after D:15 true
     0 | D:5      | 0 ||| qw: Do second Lair branch before Depths: true
     0 | D:5      | 0 ||| qw: Lair rune preference: random
     0 | D:5      | 0 ||| qw: Plans: Normal
     0 | D:5      | 0 ||| PLANNING D:1-11
    80 | D:5      | 80 ||| Stepping ~*~*~tactically~*~*~ (stealth).
    83 | D:5      | 83 ||| Stepping ~*~*~tactically~*~*~ (stealth).
    90 | D:5      | 90 ||| Stepping ~*~*~tactically~*~*~ (stealth).
    93 | D:5      | 93 ||| Stepping ~*~*~tactically~*~*~ (stealth).
   104 | D:5      | Reached XP level 2. HP: 19/19 MP: 2/2
   107 | D:5      | Noticed a lemure
   108 | D:5      | Noticed a lemure
   109 | D:5      | Noticed Pikel
   110 | D:5      | Noticed a lemure
   110 | D:5      | Noticed a lemure
   112 | D:5      | Noticed a scorpion
   113 | D:5      | HP: 3/19 [something (2)]
   114 | D:5      | Killed from afar by an orc wizard

Levels and vault maps discovered:
D:5:      layout_gridville, minmay_temple_entry_glassed_door, uniq_pikel

Skill      XL: |  1 |
---------------+----+-----
Axes           | 2 |  2.4
Fighting       | |  3.2
Dodging        | |  1.5
Stealth        | |  5.4

Action                   || total
-------------------------++-------
Melee: Hand axe          ||    19
Armor: Leather armour    ||     5
Dodge: Dodged            ||    13

Table legend:
 A = Non-vault XP
 B = Vault XP
 C = Vault XP percentage of total XP
 D = Non-vault monster count
 E = Vault monster count
 F = Vault count percentage of total count
                 A         B        C        D         E       F
            +---------+---------+-------+---------+---------+-------
      Total |      11 |       0 |   0.0 |       4 |       0 |   0.0
            +---------+---------+-------+---------+---------+-------
        D:5 |      11 |       0 |   0.0 |       4 |       0 |   0.0
            +---------+---------+-------+---------+---------+-------
